Map: [ESL] Data-C

Players

RagnaroK (SHIN) - Winner!

  • Race: Zerg Zerg
  • Spawn Location: 3:00

DRG

  • Race: Zerg Zerg
  • Spawn Location: 9:00

Event: TSL 9

VOD

Have the link to the VOD?

Description

Time

  • Played on: July 31, 2022, 7:08 a.m.
  • Length: 7:27

All games in this series

Show
View Real Time Build Order
Export as new Build Order

RagnaroK Zerg - Winner!

Build Orders: Hatch First 

Get SALT Encoding   

  12  0:00  Drone  
  13  0:12  Overlord  
  13  0:17  Drone  
  14  0:30  Drone x2  
  16  0:48  Hatchery  
  15  0:52  Drone  
  15  0:55  Drone  
  17  1:00  Drone  
  18  1:10  Extractor  
  17  1:14  Spawning Pool  
  17  1:17  Drone  
  17  1:21  Drone  
  18  1:28  Drone  
  19  1:38  Drone  
  20  1:50  Drone  
  21  2:00  Drone  
  23  2:01  Zergling x2, Queen x2  
  27  2:10  Overlord  
  27  2:12  Drone  
  28  2:16  Metabolic Boost  
  28  2:29  Zergling x2  
  29  2:30  Drone  
  29  2:32  Drone  
  29  2:33  Drone  
  32  2:39  Hatchery  
  32  2:43  Drone  
  32  2:44  Drone  
  33  2:51  Baneling Nest  
  33  2:55  Overlord  
  32  3:01  Queen  
  32  3:03  Drone  
  35  3:14  Zergling x8  
  35  3:17  Zergling x4  
  40  3:21  Zergling x4  
  40  3:27  Overlord  
  42  3:29  Zergling x2  
  43  3:35  Baneling x2  
  43  3:36  Baneling x2  
  43  3:38  Zergling x2  
  44  3:42  Overlord  
  44  3:46  Zergling x6  
  47  3:49  Drone x2  
  47  3:51  Drone  
  48  3:57  Drone x2  
  50  4:04  Drone  
  50  4:07  Drone x2  
  53  4:10  Roach Warren  
  53  4:11  Drone  
  53  4:17  Drone, Overlord  
  53  4:22  Evolution Chamber  
  53  4:24  Extractor  
  52  4:26  Overlord  
  52  4:29  Drone x2  
  53  4:33  Drone x3  
  56  4:40  Drone x4  
  60  4:48  Zerg Ground Armor Level 1  
  60  4:50  Extractor  
  60  4:51  Drone x2  
  60  4:52  Drone  
  62  4:54  Zergling x4  
  62  4:59  Zergling x4  
  66  5:05  Zergling x2  
  65  5:10  Overlord  
  65  5:13  Overlord  
  65  5:19  Zergling x6  
  66  5:32  Overlord  
  66  5:33  Roach x8  
  82  5:40  Roach x3  
  88  5:44  Roach  
  88  5:52  Roach x3  
  93  6:01  Roach x4  
  99  6:05  Roach x2  
  99  6:09  Lair  
  103  6:12  Roach  
  103  6:15  Overlord  
  103  6:17  Overlord  
  105  6:20  Overlord  
  105  6:30  Zergling x4  
  97  6:34  Zergling x10, Baneling x4  
  97  6:38  Zergling x6  
  105  6:41  Zergling x4  
  105  6:43  Zergling x2  
  105  6:46  Zergling x2  
  109  6:47  Zergling x2  
  109  6:48  Zergling x2, Ravager  
  109  6:49  Ravager  
  109  6:50  Zergling x2  
  109  6:52  Ravager  
  109  6:53  Zergling x2  
  109  6:54  Zergling x2  
  114  6:57  Zergling x4  
  114  6:58  Zergling x2  
  114  7:00  Zergling x2  
  112  7:04  Zergling x2, Ravager  
  112  7:08  Zergling x8  
Show
View Real Time Build Order
Export as new Build Order

DRG Zerg 

Build Orders: Hatch First 

Get SALT Encoding   

  12  0:00  Drone  
  13  0:12  Overlord  
  13  0:17  Drone  
  14  0:30  Drone x2  
  16  0:48  Hatchery  
  15  0:51  Drone  
  15  0:54  Drone  
  17  0:58  Drone  
  18  1:05  Extractor  
  17  1:13  Spawning Pool  
  17  1:16  Drone  
  17  1:20  Drone  
  18  1:28  Drone  
  19  1:39  Drone  
  20  1:49  Drone  
  21  2:00  Queen x2  
  21  2:01  Overlord  
  25  2:02  Zergling x2  
  25  2:06  Metabolic Boost  
  26  2:11  Drone  
  26  2:13  Drone  
  28  2:21  Drone  
  28  2:22  Drone  
  30  2:32  Drone  
  30  2:33  Drone  
  32  2:40  Hatchery  
  31  2:46  Queen  
  33  2:51  Overlord  
  33  2:56  Zergling x4  
  35  3:01  Zergling x2  
  36  3:09  Zergling x2  
  36  3:10  Zergling x8  
  42  3:12  Zergling x2  
  42  3:13  Zergling x2  
  42  3:14  Zergling x2  
  44  3:21  Baneling Nest  
  44  3:23  Zergling x2  
  44  3:33  Overlord  
  44  3:50  Drone  
  44  3:54  Drone  
  44  3:57  Zergling x2  
  44  3:58  Drone x7  
  44  4:01  Drone  
  44  4:02  Overlord  
  53  4:06  Overlord  
  53  4:13  Drone  
  53  4:15  Baneling x2  
  53  4:16  Drone x4  
  58  4:24  Evolution Chamber  
  57  4:28  Drone x5  
  62  4:31  Drone x2  
  62  4:32  Extractor  
  62  4:35  Drone  
  64  4:38  Drone  
  64  4:39  Drone x2  
  64  4:45  Drone  
  68  4:46  Roach Warren, Overlord  
  68  4:48  Baneling x3  
  68  4:51  Drone  
  68  4:53  Drone  
  68  4:57  Overlord  
  68  4:59  Overlord  
  67  5:08  Zergling x8, Drone  
  67  5:11  Drone  
  67  5:13  Zerg Missile Weapons Level 1  
  73  5:16  Lair, Overlord  
  73  5:27  Drone  
  72  5:29  Drone  
  72  5:31  Zergling x4  
  72  5:32  Drone x3  
  72  5:34  Roach x4  
  83  5:37  Drone  
  83  5:38  Drone x2  
  83  5:42  Overlord  
  85  5:48  Overlord  
  85  5:49  Roach  
  86  5:56  Roach  
  86  5:57  Overlord  
  88  6:00  Overlord  
  88  6:02  Drone  
  88  6:03  Drone  
  90  6:05  Drone x4  
  90  6:07  Extractor x2  
  90  6:08  Extractor  
  90  6:10  Extractor  
  90  6:12  Overlord  
  90  6:15  Drone x2  
  92  6:21  Roach x3  
  92  6:22  Roach x2, Spine Crawler  
  92  6:23  Spine Crawler  
  92  6:24  Spine Crawler  
  99  6:28  Roach  
  99  6:31  Roach  
  94  6:33  Queen, Roach  
  94  6:34  Queen x2  
  94  6:36  Roach  
  94  6:37  Roach x2  
  108  6:40  Roach x2  
  108  6:46  Roach  
  108  6:47  Roach x3  
  120  6:51  Roach  
  120  6:52  Roach x2  
  117  6:58  Roach  
  117  7:00  Roach x2  
  104  7:02  Roach  
  104  7:06  Roach  
Tags
 
Event
TSL 9
Matchup
ZvZ
Player
DRGSHIN
Race
Zerg
Spawn Locations
Cross Positions
Add a new tag
Caveats
  • Supply blocks, unpowered buildings, or Contaminate may cause inaccurate times.
  • Supply counts are checked every 10 seconds.